 Dungeon Crawl Stone Soup version 0.28-a0-410-gbef64dd269 (webtiles) character file.

Game seed: 1376674744944406950

4514 heikuro the Carver (level 10, 0/79 HPs)
             Began as a Formicid Abyssal Knight on Sept 6, 2021.
             Was an Elder of Lugonu.
             Slain by a killer bee (6 damage)
             ... on level 8 of the Dungeon.
             The game lasted 00:20:46 (11342 turns).

heikuro the Carver (Formicid Abyssal Knight)       Turns: 11342, Time: 00:20:47

Health: 0/79       AC: 11    Str: 25    XL:     10   Next: 65%
Magic:  15/15      EV: 10    Int: 14    God:    Lugonu [****..]
Gold:   397        SH:  0    Dex: 10    Spells: 9/9 levels left

rFire   . . .      SeeInvis +   t - +2 whip (distort)
rCold   . . .      Faith    .   (no shield)
rNeg    . . .      Spirit   .   C - +1 scale mail of Ysoulogg {Str+5}
rPois   .          Reflect  .   (helmet unavailable)
rElec   .          Harm     .   z - +0 cloak
rCorr   +          Rampage  .   l - +0 pair of gloves
Will    +....                   (no boots)
Stlth   ..........              (no amulet)
HPRegen 0.23/turn               B - ring of resist corrosion
MPRegen 0.14/turn               (no ring)

@: lethally poisoned (0 -> -7)
A: permanent stasis, dig shafts and tunnels, antennae 3, four strong arms,
clever 1
a: Dig, Shaft Self, Renounce Religion, Depart the Abyss, Bend Space, Banish,
Corrupt


You were on level 8 of the Dungeon.
You worshipped Lugonu.
Lugonu was greatly pleased with you.
You visited 2 branches of the dungeon, and saw 9 of its levels.
You visited the Abyss 1 time.
You also visited: Sewer.

You collected 397 gold pieces.

Inventory:

Hand Weapons
 a - a +1 falchion
 b - a +0 hunting sling
 t - a +2 whip of distortion (weapon)
Missiles
 d - 84 sling bullets
 i - 8 poisoned darts (quivered)
Armour
 l - a +0 pair of gloves (worn)
 z - a +0 cloak (worn)
 C - the +1 scale mail of Ysoulogg (worn) {Str+5}
   (You took it off an orc on level 7 of the Dungeon)

   Str:       It affects your strength (+5).
Jewellery
 g - a ring of fire
 B - a ring of resist corrosion (left hand)
Wands
 u - a wand of polymorph (9)
 y - a wand of flame (37)
Scrolls
 h - 2 scrolls of fog {unknown}
 m - a scroll of summoning {unknown}
 n - 2 scrolls of fear
 o - a scroll of magic mapping {unknown}
 p - a scroll of blinking {unknown}
 r - 2 scrolls of enchant armour {unknown}
 v - a scroll of acquirement {unknown}
 A - a scroll of amnesia {unknown}
Potions
 c - a potion of brilliance
 f - 2 potions of magic
 k - a potion of lignification
 q - a potion of resistance
 s - a potion of heal wounds {unknown}
 w - a potion of flight {unknown}
 x - 2 potions of attraction {unknown}


   Skills:
 + Level 7.4 Fighting
 * Level 9.0 Long Blades
 + Level 6.0 Slings
 + Level 7.1 Armour
 - Level 1.0 Dodging
 + Level 7.6 Invocations


You had 9 spell levels left.
You didn't know any spells.
Your spell library contained the following spells:

 Spells                   Type           Power      Damage    Failure   Level
 Summon Small Mammal      Summ           0%         N/A       52%         1
 Call Canine Familiar     Summ           0%         N/A       88%         3
 Ozocubu's Armour         Ice            0%         N/A       88%         3
 Summon Guardian Golem    Hex/Summ       0%         N/A       88%         3
 Olgreb's Toxic Radiance  Pois           0%         N/A       99%         4
 Metabolic Englaciation   Hex/Ice        0%         N/A       100%        5
 Simulacrum               Ice/Necr       0%         N/A       100%        6
 Ozocubu's Refrigeration  Ice            0%         4d5       100%        7
 Ignition                 Fire           0%         3d3       100%        8


Dungeon Overview and Level Annotations

Branches:
Dungeon (8/15)             Temple (1/1) D:6           Sewer (visited)
   Lair: D:8-11

Altars:
Ashenzari
Cheibriados
Dithmenos
Fedhas
Gozag
Hepliaklqana
Kikubaaqudgha
Makhleb
Nemelex Xobeh
Okawaru
Qazlal
Ru
Sif Muna
Uskayaw
Vehumet
Wu Jian
Xom
Yredelemnul
Zin
The Shining One

Shops:
D:1 [   D:5 *

Annotations:
Abyss:1 Menkaure


Innate Abilities, Weirdness & Mutations

You cannot be hasted, slowed, berserked, paralysed or teleported.
You can dig through walls and to a lower floor.
You have a pair of large antennae on your head. (SInv)
Your four strong arms can wield two-handed weapons with a shield.
Your mind is acute. (Int +2)


Message History

* * * LOW HITPOINT WARNING * * *
You are lethally poisoned!
The killer bee poisons you! The killer bee barely misses you.
The killer bee stings you.
* * * LOW HITPOINT WARNING * * *
You are more poisoned.
The killer bee poisons you!
You feel better. The killer bee barely misses you.
The killer bee stings you but does no damage. x3
Okay, then.
You miss the killer bee.
The killer bee is lightly wounded.
The killer bee closely misses you.
The killer bee stings you but does no damage.
The killer bee closely misses you. The killer bee stings you.
* * * LOW HITPOINT WARNING * * *
You are poisoned.
The killer bee poisons you! The killer bee barely misses you.
You miss the killer bee.
The killer bee is lightly wounded.
You feel sick. The killer bee stings you.
* * * LOW HITPOINT WARNING * * *
You are more poisoned.
The killer bee poisons you! The killer bee barely misses you. x2
The killer bee closely misses you.
You feel better. The killer bee stings you!
* * * LOW HITPOINT WARNING * * *
You are poisoned.
The killer bee poisons you!
The killer bee stings you but does no damage.
The killer bee stings you!
* * * LOW HITPOINT WARNING * * *
The killer bee stings you but does no damage.
You feel better.
The killer bee stings you but does no damage.
The killer bee stings you.
* * * LOW HITPOINT WARNING * * *
You are lethally poisoned!
The killer bee poisons you! The killer bee stings you.
You die...

.. #...# ...
#.#.# ..
#...#
..##.#####.##
.........÷.#
..#####.##.#
......).##.#
..#####.##y#
.### #.##@#
... .{##y#
#.. ####.#
#.# #...#
#.##.# #.###
###.##.# #.#
.....#.# #.#
###..#.# #†#
###..#.# #.#


You could see 2 killer bees.

Vanquished Creatures
  A two-headed ogre (D:8)
  Joseph (D:7)
  2 centaur zombies
  3 ice beasts
  A sky beast (D:7)
  2 black bears
  4 ogres
  A necrophage (D:5)
  A centaur (D:7)
  A wyvern zombie (D:8)
  2 bullfrogs
  4 scorpions
  A water moccasin skeleton (D:6)
  4 killer bees (D:8)
  2 wights (D:8)
  6 hounds
  6 jellies
  A bullfrog skeleton (D:6)
  A scorpion zombie (D:5)
  3 iguanas (D:5)
  An orc wizard (D:6)
  Terence (D:2)
  A killer bee zombie (D:5)
  A hound zombie (D:5)
  10 adders
  A gnoll (D:7)
  6 river rats (Sewer)
  A shadow imp (D:4)
  2 ufetubi (D:5)
  A worm (D:2)
  4 dart slugs
  6 orcs
  7 bats
  10 endoplasms
  7 giant cockroaches
  17 goblins
  10 hobgoblins
  6 jackals
  3 quokkas
  10 ball pythons
  6 frilled lizards
  5 kobolds
  22 rats
185 creatures vanquished.

Vanquished Creatures (others)
  19 fungi (D:8)
  15 plants (D:8)
34 creatures vanquished.

Grand Total: 219 creatures vanquished

Notes
Turn   | Place    | Note
-------+----------+-------------------------------------------
     0 | Abyss:1  | heikuro the Formicid Abyssal Knight began the quest for the
                  | Orb.
     0 | Abyss:1  | Reached XP level 1. HP: 18/18 MP: 2/2
   122 | D:1      | Escaped the Abyss
   350 | D:1      | Reached skill level 1 in Dodging
   488 | D:1      | Reached XP level 2. HP: 20/24 MP: 3/3
   660 | D:1      | Reached * piety under Lugonu
   712 | D:1      | Found Causoshy's Antique Armour Shop.
   851 | D:1      | Reached XP level 3. HP: 21/29 MP: 4/4
  1415 | D:2      | Noticed Terence
  1752 | D:2      | Reached XP level 4. HP: 25/37 MP: 6/6
  1959 | D:3      | Reached skill level 3 in Long Blades
  1964 | D:3      | Found a radiant altar of Vehumet.
  2267 | D:3      | Found a glowing drain.
  2287 | D:3      | Reached ** piety under Lugonu
  2312 | Sewer    | Entered a sewer
  2406 | Sewer    | Reached XP level 5. HP: 32/42 MP: 7/7
  3770 | D:3      | Reached XP level 6. HP: 48/48 MP: 8/8
  3775 | D:3      | Reached skill level 4 in Long Blades
  3879 | D:2      | Killed Terence
  4113 | D:2      | Reached *** piety under Lugonu
  4224 | D:2      | Found a faded altar of an unknown god.
  4798 | D:4      | Reached skill level 1 in Slings
  5355 | D:4      | Reached XP level 7. HP: 50/55 MP: 8/10
  5987 | D:5      | Entered Level 5 of the Dungeon
  6081 | D:5      | Reached skill level 5 in Long Blades
  6233 | D:5      | Found Guam's Serpentskin Sales.
  6546 | D:5      | Found a sparkling altar of Nemelex Xobeh.
  6697 | D:5      | Reached skill level 5 in Fighting
  6697 | D:5      | Reached XP level 8. HP: 7/62 MP: 9/11
  6697 | D:5      | HP: 3/62 [acid (4)]
  7357 | D:5      | Reached skill level 5 in Invocations
  8252 | D:6      | Reached skill level 6 in Long Blades
  8335 | D:6      | Reached skill level 5 in Armour
  8385 | D:6      | Gained mutation: You are partially covered in iridescent
                  | scales. (AC +2) [potion of mutation]
  8385 | D:6      | Gained mutation: You occasionally shout uncontrollably at
                  | your foes. [potion of mutation]
  8385 | D:6      | Gained mutation: You are strong-willed. (Will+) [potion of
                  | mutation]
  8414 | D:6      | Found an ornate altar of the Wu Jian Council.
  8463 | D:6      | Found a staircase to the Ecumenical Temple.
  8472 | Temple   | Entered the Ecumenical Temple
  8840 | D:6      | Reached XP level 9. HP: 50/69 MP: 13/13
  8860 | D:6      | Reached skill level 7 in Long Blades
  9146 | D:6      | Found an iron altar of Okawaru.
  9231 | D:7      | Noticed Menkaure
  9237 | D:7      | Banished Menkaure
  9257 | D:7      | Noticed Joseph
  9279 | D:7      | Killed Joseph
  9584 | D:7      | Reached skill level 5 in Slings
  9588 | D:7      | Reached XP level 10. HP: 29/77 MP: 13/15
  9896 | D:7      | Reached skill level 8 in Long Blades
 10008 | D:7      | Found a blossoming altar of Fedhas.
 10098 | D:7      | Identified the +1 scale mail of Ysoulogg {Str+5}
 10163 | D:7      | Found an opulent altar of Gozag.
 10226 | D:7      | Found an ancient bone altar of Kikubaaqudgha.
 10483 | D:8      | Noticed a two-headed ogre
 10935 | D:8      | Lost mutation: You are strong-willed. (Will+) [potion of
                  | mutation]
 10935 | D:8      | Lost mutation: You occasionally shout uncontrollably at
                  | your foes. [potion of mutation]
 10935 | D:8      | Lost mutation: You are partially covered in iridescent
                  | scales. (AC +2) [potion of mutation]
 10935 | D:8      | Gained mutation: Your mind is acute. (Int +2) [potion of
                  | mutation]
 11011 | D:8      | Reached **** piety under Lugonu
 11035 | D:8      | Killed a two-headed ogre
 11036 | D:8      | Reached skill level 9 in Long Blades
 11342 | D:8      | Slain by a killer bee

Illustrated notes

Levels and vault maps discovered:
D:1:      psy_arrival_basics, layout_basic, serial_shops, nicolae_shop_crystal,
          dk_noncrumbling_4, corner_web_ring, minmay_small_reverse_x
D:2:      layout_loops_ring, hellmonk_ecumenical_altar_zigzags, uniq_terence
D:3:      cheibrodos_greedy_goblins, layout_rooms, vehumet_crystals,
          gup_sewer_entry_glass
D:4:      layout_gridville, serial_glass, glass_columns_a, glass_columns_c
D:5:      layout_loops_corners, nicolae_overflow_crystal_walls,
          guppyfry_shop_venom
D:6:      layout_rooms, nzn_wu_jian_council_hall, marbit_many_paths,
          minmay_temple_entry_glassed_door, minmay_strange_pillars
D:7:      layout_loops_cross, mainiacjoe_overflow_catch_the_wave,
          mainiacjoe_overflow_alcove_2, uniq_joseph, uniq_menkaure
D:8:      layout_loops_ring, grunt_lair_entry_orc_guard_hut
Temple:   cyrus_circular_temple

Skill      XL: |  1  2  3  4  5  6  7  8  9 10 |
---------------+-------------------------------+-----
Dodging        | 1 |  1.0
Long Blades    | 3 4 5 6 7 9 |  9.0
Invocations    | 3 4 5 6 7 |  7.6
Armour         | 3 4 5 6 7 |  7.1
Fighting       | 4 5 6 7 |  7.4
Slings         | 1 2 3 5 6 |  6.0

Action                   |  1- 3 |  4- 6 |  7- 9 | 10-12 || total
-------------------------+-------+-------+-------+-------++-------
Melee: Falchion          |   103 |   262 |   158 |    76 ||   599
       Unarmed           |       |     3 |       |       ||     3
       Whip              |       |       |    87 |    61 ||   148
 Fire: Hunting sling     |       |    22 |    15 |       ||    37
Throw: Dart              |       |       |    25 |    14 ||    39
Invok: Depart the Abyss  |     1 |       |       |       ||     1
       Bend Space        |       |       |     2 |     1 ||     3
 Abil: Dig               |       |    13 |     1 |       ||    14
  Use: Scroll            |       |     4 |     2 |     2 ||     8
       Potion            |       |       |     1 |     5 ||     6
Armor: Leather armour    |    16 |       |       |       ||    16
       Chain mail        |    27 |   185 |   163 |    28 ||   403
       Skin              |       |     9 |       |       ||     9
       Scale mail        |       |       |       |    68 ||    68
Dodge: Dodged            |    48 |   101 |    84 |    96 ||   329

Table legend: (Time is in decaauts)
 A = Elapsed time spent in this place.
 B = Non-inter-level travel time spent in this place.
 C = Inter-level travel time spent in this place.
 D = Time resting spent in this place.
 E = Time spent auto-exploring this place.
 F = Levels seen in this place.
 G = Mean time per level.
                   A        B        C        D        E       F      G
               +--------+--------+--------+--------+--------+-----+--------+
         Total |  11493 |  11029 |    464 |   3596 |   4386 |  11 | 1044.8 |
       Dungeon |  10101 |   9645 |    456 |   3465 |   3964 |   8 | 1262.6 |
        Temple |     59 |     51 |      8 |      0 |     42 |   1 |   59.0 |
         Abyss |    122 |    122 |      0 |      0 |    114 |   1 |  122.0 |
         Sewer |   1211 |   1211 |      0 |    131 |    266 |   1 | 1211.0 |
               +--------+--------+--------+--------+--------+-----+--------+

Top non-repeatable levels by time:
     D:5: 2222 daAuts
     D:7: 1652 daAuts
     D:4: 1437 daAuts
     D:1: 1367 daAuts
   Sewer: 1211 daAuts
     D:2: 1155 daAuts
     D:6: 892 daAuts
     D:3: 851 daAuts
     D:8: 521 daAuts
 Abyss:1: 122 daAuts
  Temple: 59 daAuts
